 Dungeon Crawl Stone Soup version 0.30-a0-996-ga6910c8ee8 (webtiles) character file.

Game seed: 11268227588482934655

782 Maxmaps the Changer (level 7, -11/52 (57) HPs)
             Began as a Demonspawn Transmuter on Apr 4, 2023.
             Was an Initiate of Gozag.
             Mangled by a wight
             ... wielding a +0 great sword
              (12 damage)
             ... on level 5 of the Dungeon.
             The game lasted 00:09:44 (5097 turns).

Maxmaps the Changer (Demonspawn Transmuter)         Turns: 5097, Time: 00:09:45

HP:   -11/52 (57)   AC:  6    Str: 11    XL:     7   Next: 55%
MP:   6/10          EV: 10    Int: 16    God:    Gozag
Gold: 289           SH:  0    Dex: 13    Spells: 2/10 levels left

rFire   x . .      SeeInvis .      - Unarmed
rCold   + + +      Faith    .    (shield currently unavailable)
rNeg    . . .      Spirit   .    a - melded +0 robe
rPois   +          Reflect  .    (helmet currently unavailable)
rElec   .          Rampage  .    t - melded +0 cloak
rCorr   .                        s - melded +0 pair of gloves
Will    .....                    r - melded +1 pair of boots {Stlth+}
Stlth   +                        (no amulet)
HPRegen 0.28/turn                (no ring)
MPRegen 0.12/turn                (no ring)

@: ice-form, studying Stealth, drained
A: freezing attack, amphibious, boosted hp, large, (horns 1), foul stench 1,
(sanguine armour 3)
a: End Transformation, Renounce Religion, Potion Petition, Call Merchant, Bribe
Branch


You were on level 5 of the Dungeon.
You worshipped Gozag.
Gozag was aware of your devotion.
You were a creature of crystalline ice.
You visited 2 branches of the dungeon, and saw 6 of its levels.

You collected 357 gold pieces.
You paid 68 gold pieces to Gozag.

Inventory:

Armour
 a - a +0 robe (melded)
 i - a +0 buckler
 r - a +1 pair of boots of stealth (melded)
 s - a +0 pair of gloves (melded)
 t - a +0 cloak (melded)
Jewellery
 l - a ring of protection from fire
Wands
 m - a wand of charming (13)
 n - a wand of mindburst (11)
Scrolls
 e - a scroll of amnesia {unknown}
 h - a scroll of enchant weapon
Potions
 b - a potion of lignification
 c - a potion of magic
 d - 2 potions of attraction
 f - 2 potions of invisibility
 g - a potion of might
 j - a potion of cancellation
 k - a potion of curing
 o - a potion of degeneration {unknown}


   Skills:
 - Level 1.0 Fighting
 - Level 1.7 Dodging
 - Level 2.6 Unarmed Combat
 - Level 2.0 Spellcasting
 - Level 5.0 Transmutations
 + Level 4.1 Ice Magic
 - Level 4.4 Poison Magic


You had 2 spell levels left.
You knew the following spells:

 Your Spells              Type           Power      Damage    Failure   Level
a - Beastly Appendage     Tmut           34%        N/A       2%          1
b - Spider Form           Tmut/Pois      16%        N/A       9%          3
c - Ice Form              Ice/Tmut       16%        N/A       30%         4

Your spell library contained the following spells:

 Spells                   Type           Power      Damage    Failure   Level
 Wereblood                Tmut           17%        N/A       4%          2
 Poisonous Vapours        Pois/Air       16%        N/A       13%         2
 Cigotuvi's Dreadful Rot  Necr/Pois/Air  12%        N/A       17%         2
 Mephitic Cloud           Conj/Pois/Air  6%         N/A       34%         3
 Dispel Undead            Necr           1%         3d6       90%         4
 Death Channel            Necr           0%         N/A       100%        6


Dungeon Overview and Level Annotations

Branches:
Dungeon (5/15)             Temple (1/1) D:4

Altars:
Ashenzari
Cheibriados
Dithmenos
Gozag
Hepliaklqana
Kikubaaqudgha
Nemelex Xobeh
Okawaru
Ru
Sif Muna
Trog
Uskayaw
Vehumet
Wu Jian
Xom
Yredelemnul

Annotations:
D:4 2 transporters, Hubris850's ghost, novice MfGl


Innate Abilities, Weirdness & Mutations

You are a creature of crystalline ice.
You have a powerful freezing melee attack.
You are amphibious.
Your maximum health is increased.
Your armour is entirely melded.
You are incapable of wielding weapons or throwing items.
((You have a pair of small horns on your head.))
You may rarely emit foul miasma when damaged in melee.
((When seriously injured, your blood forms very thick armour. (AC +0)))


Message History

Your blood armour dries and flakes away.
You start resting.
HP restored.
You now have 289 gold pieces (gained 12).
Things that are here:
a +3 battleaxe of freezing; a +0 robe Unknown command.
Unknown command.
Okay, then.
Casting: Spider Form (dangerous; 9% risk of failure)
Confirm with . or Enter, or press ? or * to list all spells.
Okay, then.
A wight comes into view. It is wielding a +0 great sword.
A wight is nearby!
A wight is nearby!
Casting: Spider Form (dangerous; 9% risk of failure)
Confirm with . or Enter, or press ? or * to list all spells.
The spell is quite dangerous to miscast (30% risk of failure)!
Continue anyway?
You turn into a creature of crystalline ice.
Your +0 cloak melds into your body.
Your +0 pair of gloves melds into your body.
Your +1 pair of boots of stealth melds into your body.
Your +0 robe melds into your body.
You feel less stealthy. 2 wights come into view.
The wight hits you with a +4 falchion. The wight hits you with a +4 war axe!
The wight hits you with a +0 great sword!
You completely miss the wight. The wight barely misses you.
The wight hits you with a +4 war axe!
You feel drained. The wight closely misses you.
The wight attacks as you move away!
The wight hits you with a +0 great sword!
* * * LOW HITPOINT WARNING * * *
You feel drained.
* * * LOW HITPOINT WARNING * * *
The wight attacks as you move away! The wight barely misses you.
Unknown command.
The wight attacks as you move away!
The wight hits you with a +0 great sword!
You die...
Your body crumbles into a pile of gold.

.#..## ###.......##
.#..#######.###...####
.............)...##..#
#.....########...##..##
#.....# #..##....#
#.....# #..##....##
#.....# #..#z.....#
......# #..#z.....#
>.....# #(.Yz##.....
.###### #....# ### .#
####.... .# ###### .#
## # # #


You could see 3 wights.

Vanquished Creatures
  2 orc warriors (D:4)
  A black bear (D:5)
  A phantom (D:5)
  A scorpion (D:5)
  2 wights (D:5)
  A jelly (D:4)
  A hound (D:3)
  9 adders
  An ufetubus (D:5)
  6 worms
  3 dart slugs
  6 orcs
  5 bats
  11 endoplasms
  2 giant cockroaches (D:1)
  9 goblins
  7 hobgoblins
  3 jackals (D:2)
  3 quokkas
  5 ball pythons
  3 frilled lizards
  8 kobolds
  5 rats
95 creatures vanquished.

Vanquished Creatures (others)
  14 plants (D:3)
14 creatures vanquished.

Grand Total: 109 creatures vanquished

Notes
Turn   | Place    | Note
-------+----------+-------------------------------------------
     0 | D:1      | Maxmaps the Demonspawn Transmuter began the quest for the
                  | Orb.
     0 | D:1      | Reached XP level 1. HP: 15/15 MP: 3/3
    67 | D:1      | Reached skill level 2 in Transmutations
   140 | D:1      | Gained mutation: When seriously injured, your blood forms
                  | armour. (AC +0) [demonic ancestry]
   140 | D:1      | Reached XP level 2. HP: 21/21 MP: 5/5
   420 | D:1      | Found a faded altar of an unknown god.
   518 | D:1      | Reached skill level 3 in Transmutations
   757 | D:2      | Gained mutation: When seriously injured, your blood forms
                  | thick armour. (AC +0) [demonic ancestry]
   757 | D:2      | Reached XP level 3. HP: 18/26 MP: 4/6
  1178 | D:2      | Gained mutation: You may rarely emit foul miasma when
                  | damaged in melee. [demonic ancestry]
  1178 | D:2      | Reached XP level 4. HP: 32/32 MP: 5/7
  1182 | D:2      | Learned a level 3 spell: Spider Form
  1411 | D:2      | Reached skill level 1 in Poison Magic
  2510 | D:3      | Found a hazy altar of Hepliaklqana.
  2563 | D:3      | Reached XP level 5. HP: 25/37 MP: 8/8
  3074 | D:4      | Found a transporter.
  3077 | D:4      | Found a transporter.
  3080 | D:4      | Noticed Hubris850's ghost (novice MfGl)
  3106 | D:4      | Noticed an orc warrior
  3120 | D:4      | Killed an orc warrior
  3121 | D:4      | Gained mutation: When seriously injured, your blood forms
                  | very thick armour. (AC +0) [demonic ancestry]
  3121 | D:4      | Reached XP level 6. HP: 19/43 MP: 6/9
  3231 | D:4      | Noticed an orc warrior
  3247 | D:4      | Killed an orc warrior
  3248 | D:4      | Reached skill level 4 in Transmutations
  3435 | D:4      | Found a staircase to the Ecumenical Temple.
  3451 | Temple   | Entered the Ecumenical Temple
  3538 | Temple   | Became a worshipper of Gozag Ym Sagoz the Greedy
  3740 | D:4      | Identified the +2 dagger "Zoinnyko" {flame, Will+ Str+7
                  | Int-3}
  3746 | D:4      | Found a shimmering blue altar of Sif Muna.
  4290 | D:5      | Entered Level 5 of the Dungeon
  4384 | D:5      | Reached skill level 5 in Transmutations
  4390 | D:5      | Learned a level 4 spell: Ice Form
  4449 | D:5      | Reached skill level 1 in Ice Magic
  4449 | D:5      | Gained mutation: You have a pair of small horns on your
                  | head. [demonic ancestry]
  4449 | D:5      | Reached XP level 7. HP: 39/48 MP: 6/10
  5096 | D:5      | HP: 1/52 [wight/+0 great sword (4)]
  5097 | D:5      | Mangled by a wight

Illustrated notes

Levels and vault maps discovered:
D:1:      eino_arrival_tree_alley, layout_rooms,
          hellmonk_ecumenical_altar_defaced_shrine
D:2:      layout_loops_ring, skrybe_limestone_x, minmay_pentomino_x4
D:3:      layout_loops_ring, nzn_hepliaklqana_mist_gate, reono_crystal_passage,
          serial_bayou_lagoon_a, hangedman_decor_diamond_cutter,
          chequers_big_river, minmay_misc_feat_plants
D:4:      layout_loops_corners, mainiacjoe_overflow_24_doors,
          minmay_temple_entry_slanted, gammafunk_ghost_arena, minmay_manual_mail
D:5:      layout_rooms, minmay_misc_feat_x
Temple:   nicolae_temple_x_marks_the_god

Skill      XL: |  1  2  3  4  5  6  7 |
---------------+----------------------+-----
Transmutations | 2 3 5 |  5.0
Poison Magic   | 2 4 |  4.4
Ice Magic      | 1 4 |  4.1
Fighting       | |  1.0
Dodging        | |  1.7
Unarmed Combat | |  2.6
Spellcasting   | |  2.0

Action                     |  1- 3 |  4- 6 |  7- 9 || total
---------------------------+-------+-------+-------++-------
  Melee: Unarmed           |   123 |   186 |    45 ||   354
         Kick              |    25 |    19 |       ||    44
         Headbutt          |     8 |    15 |       ||    23
         Punch             |     1 |       |     1 ||     2
   Cast: Beastly Appendage |    16 |    17 |       ||    33
         Spider Form       |       |    15 |     6 ||    21
         Ice Form          |       |       |     1 ||     1
    Use: Scroll            |       |     5 |     5 ||    10
         Potion            |       |       |     2 ||     2
   Stab: Sleeping          |     1 |     2 |       ||     3
 Armour: Robe              |    24 |    21 |       ||    45
         Skin              |       |     5 |    11 ||    16
  Dodge: Dodged            |    76 |   103 |    26 ||   205

Table legend: (Time is in decaauts)
 A = Elapsed time spent in this place.
 B = Non-inter-level travel time spent in this place.
 C = Inter-level travel time spent in this place.
 D = Time resting spent in this place.
 E = Time spent auto-exploring this place.
 F = Levels seen in this place.
 G = Mean time per level.
                   A        B        C        D        E       F      G
               +--------+--------+--------+--------+--------+-----+--------+
         Total |   5094 |   4995 |     99 |    682 |   3433 |   6 |  849.0 |
       Dungeon |   5000 |   4901 |     99 |    682 |   3387 |   5 | 1000.0 |
        Temple |     93 |     93 |      0 |      0 |     46 |   1 |   93.0 |
               +--------+--------+--------+--------+--------+-----+--------+

Top non-repeatable levels by time:
     D:3: 1317 daAuts
     D:4: 1130 daAuts
     D:2: 1071 daAuts
     D:5: 803 daAuts
     D:1: 676 daAuts
  Temple: 93 daAuts
